AoeStats
← Spicy Boy

Lombardia

509828053Analyzed
4v4 RM · 4d ago on Sep 28, 2026· 42m 48s· 8 players
Game mode
Random Map
Map size
Large (8 player)
Population
200
Speed
Normal
Resources
Standard
Victory
Conquest
Starting age
Dark Age
Ending age
Imperial Age
RankedLock teamsTeams togetherTeam positionsShared explorationLock speedFull tech treeHidden civsTurbo modeCheats
Victory
Defeat
🇹🇷 Sicilians · Türkiye
950
+16
🇺🇸 Goths · United States
932
+16
🇹🇼 Byzantines · Taiwan
928
+17
🇺🇸 Persians · United States
926
+17
🇨🇳 Slavs · China
1050
-21
🇭🇰 Teutons · Hong Kong SAR China
1012
-19
🇳🇿 Japanese · New Zealand
882
-14
🇺🇸 Burgundians · United States
825
-12
ExiledBLEEZY420
0:32 Loom
10:10 Feudal Age
10:30 Double-Bit Axe
11:25 Wheelbarrow
18:09 Stone Mining
20:10 Gold Mining
20:05 Horse Collar
22:59 Castle Age
24:35 Hand Cart
28:54 Bow Saw
30:36 Heavy Plow
30:45 Scale Barding Armor
30:50 Forging
33:23 Husbandry
35:56 Bloodlines
Spicy Boy
0:29 Loom
11:48 Feudal Age
13:04 Wheelbarrow
12:15 Town Watch
12:16 Horse Collar
12:23 Double-Bit Axe
17:22 Stone Mining
23:00 Castle Age
21:23 Fletching
21:44 Forging
21:35 Scale Mail Armor
23:12 Gold Mining
25:27 Hand Cart
25:13 Town Patrol
25:25 Bow Saw
25:18 Heavy Plow
27:17 Pikeman
27:57 Squires
29:44 Bodkin Arrow
30:25 Iron Casting
30:06 Chain Mail Armor
29:48 Bodkin Arrow
34:30 Anarchy
40:52 Imperial Age
42:08 Crop Rotation
42:40 Two-Man Saw
42:43 Blast Furnace
41:43 Bracer
41:46 Perfusion
42:06 Conscription
41:14 Elite Huskarl
RenHao
11:02 Feudal Age
16:17 Castle Age
17:44 Double-Bit Axe
17:52 Gold Mining
18:04 Fletching
22:03 Crossbowman
24:47 Wheelbarrow
24:15 Padded Archer Armor
26:18 Loom
30:24 Imperial Age
30:05 Bow Saw
30:59 Ballistics
32:20 Elite Skirmisher
33:02 Horse Collar
33:35 Bodkin Arrow
35:00 Two-Man Saw
34:41 Gold Shaft Mining
37:20 Bracer
37:35 Leather Archer Armor
38:26 Chemistry
37:59 Thumb Ring
39:31 Ring Archer Armor
39:24 Thumb Ring
39:49 Hand Cart
41:18 Spies/Treason
42:46 Scale Mail Armor
42:57 Forging
sonsehzadee
3:22 Loom
11:35 Feudal Age
16:47 Double-Bit Axe
17:12 Gold Mining
19:42 Castle Age
18:01 Stone Mining
20:54 Horse Collar
21:43 Bow Saw
23:53 Heavy Plow
25:28 Wheelbarrow
25:53 Gold Shaft Mining
27:23 Hand Cart
32:19 Imperial Age
30:36 Man-at-Arms
31:02 Gambesons
31:18 Squires
31:05 Arson
31:15 Long Swordsman
32:25 Two-Handed Swordsman
33:40 Champion
33:45 Capped Ram
34:49 Siege Ram
41:50 Conscription
40:52 Spies/Treason
Williamjason007
雎鸠
32:37 Loom
34:22 Feudal Age
rush then rush
0:37 Loom
11:42 Feudal Age
petrdolce940
8:59 Loom
11:38 Feudal Age
12:18 Double-Bit Axe
13:23 Horse Collar
21:26 Castle Age
21:27 Gold Mining
21:29 Stone Mining
23:22 Fletching
23:33 Padded Archer Armor
23:04 Elite Skirmisher
25:57 Crossbowman
26:04 Man-at-Arms
29:02 Thumb Ring
34:17 Long Swordsman
35:56 Gold Shaft Mining
Connection lost

Rejoining the realm…

Still unreachable

The connection could not be restored.

Session expired

The server has moved on; the page needs a fresh start.